 Dungeon Crawl Stone Soup version 0.22.1-2-g9c5b331 (console) character file.

3195 toffzen the Gusty (level 9, -2/74 HPs)
             Began as a Centaur Air Elementalist on Dec 31, 2018.
             Was a Believer of Sif Muna.
             Shot with an arrow by a centaur warrior (25 damage)
             ... on level 7 of the Dungeon.
             The game lasted 01:13:00 (15746 turns).

toffzen the Gusty (Centaur Air Elementalist)       Turns: 15746, Time: 01:13:01

Health: -2/74      AC:  6    Str: 12    XL:     9   Next: 64%
Magic:  15/15      EV:  9    Int: 17    God:    Sif Muna [**....]
Gold:   408        SH:  0    Dex:  9    Spells: 8/16 levels left

rFire    . . .     SeeInvis .   b - +0 shortbow (flame)
rCold    . . .     Gourm    .   (shield currently unavailable)
rNeg     . . .     Faith    .   v - +1 robe
rPois    .         Spirit   .   (no helmet)
rElec    .         Reflect  .   (no cloak)
rCorr    +         Harm     .   E - +0 pair of gloves
MR       .....                  (no barding)
Stlth    +.........             (no amulet)
HPRegen  0.22/turn              p - ring of resist corrosion
MPRegen  0.14/turn              (no ring)

@: drained, divine energy, very quick
A: large, hooves 3, deformed body, speed 2, tough skin 3
a: Stop Divine Energy, Renounce Religion


You were on level 7 of the Dungeon.
You worshipped Sif Muna.
Sif Muna was pleased with you.
You were not hungry.

You visited 2 branches of the dungeon, and saw 9 of its levels.

You collected 408 gold pieces.

Inventory:

Hand Weapons
 a - a +1 trident
 b - a +0 shortbow of flaming (weapon)
 u - a +0 hunting sling
 B - a +1 dagger of draining
Missiles
 f - 81 sling bullets
 g - 347 stones
 j - 40 bolts
 k - 20 poisoned needles
 l - 83 arrows
 t - 3 throwing nets (quivered)
Armour
 v - a +1 robe (worn)
 C - a +0 buckler
 E - a +0 pair of gloves (worn)
Jewellery
 m - an uncursed amulet of magic regeneration {unknown}
 o - an uncursed ring of stealth {unknown}
 p - a ring of resist corrosion (left hand)
 w - the ring of Isimuc {MP-9 Str+3 Dex+7 Slay+2}
   (You found it on level 4 of the Dungeon)

   [ring of strength]

   It affects your strength (+3).
   It affects your dexterity (+7).
   It affects your accuracy and damage with ranged weapons and melee attacks
   (+2).
   It affects your magic capacity (-9).
 G - an uncursed ring of poison resistance {unknown}
 J - an uncursed amulet of the acrobat {unknown}
Wands
 n - a wand of scattershot (3)
 A - a wand of polymorph (13)
Scrolls
 h - 2 scrolls of teleportation
 q - 2 scrolls of enchant armour
 s - a scroll of amnesia
 x - a scroll of fog {unknown}
 y - a scroll of enchant weapon
 F - a scroll of remove curse
Potions
 d - a potion of haste
 i - a potion of resistance
 r - 3 potions of curing
 D - a potion of might {unknown}
 H - a potion of cancellation {unknown}
 I - 3 potions of flight
Comestibles
 c - 16 rations
 K - 2 chunks of flesh


   Skills:
 + Level 5.2(4.4) Fighting
 * Level 4.1(3.3) Bows
 - Level 1.3(0.6) Dodging
 - Level 1.1(0.3) Stealth
 - Level 2.4(1.6) Shields
 + Level 4.3(3.5) Spellcasting
 - Level 6.0(5.1) Conjurations
 * Level 7.6(6.7) Air Magic


You had 8 spell levels left.
You knew the following spells:

 Your Spells              Type           Power        Failure   Level  Hunger
a - Shock                 Conj/Air       ###.         1%          1    None
b - Airstrike             Air            ####......   11%         4    ####...
c - Static Discharge      Conj/Air       ###.....     4%          3    ###....

Your spell library contained the following spells:

 Spells                   Type           Power        Failure   Level  Hunger
 Magic Dart               Conj           ###.         1%          1    None
 Searing Ray              Conj           ###...       3%          2    ##.....
 Flame Tongue             Conj/Fire      ##...        6%          1    None
 Swiftness                Chrm/Air       ##......     6%          2    ##.....
 Throw Flame              Conj/Fire      ##....       9%          2    ##.....
 Conjure Flame            Conj/Fire      ##......     17%         3    ###....
 Dazzling Spray           Conj/Hex       ##....       17%         3    ###....
 Iskenderun's Mystic Bla  Conj           ###.....     21%         4    ####...
 Ensorcelled Hibernation  Hex/Ice        #.....       26%         2    ##.....
 Lightning Bolt           Conj/Air       ###.......   38%         5    ######.
 Inner Flame              Hex/Fire       #.......     45%         3    ###....
 Force Lance              Conj/Tloc      ##......     50%         4    ####...
 Fulminant Prism          Conj/Hex       ##........   50%         4    ####...
 Sticky Flame             Conj/Fire      ##......     50%         4    ####...
 Silence                  Hex/Air        ##........   75%         5    ######.
 Fireball                 Conj/Fire      ##........   85%         5    ######.
 Borgnjor's Vile Clutch   Necr/Erth      #.........   99%         5    ######.
 Darkness                 Hex            #.........   100%        6    #######
 Shadow Creatures         Summ           N/A          100%        6    #######


Dungeon Overview and Level Annotations

Branches:
Dungeon (8/15)             Temple (1/1) D:5
   Lair: D:8-11

Altars:
Ashenzari
Cheibriados
Dithmenos
Elyvilon
Fedhas
Hepliaklqana
Kikubaaqudgha
Makhleb
Okawaru
Qazlal
Ru
Sif Muna
Trog
Vehumet
Wu Jian
Xom
Yredelemnul
The Shining One

Shops:
D:4 [   D:5 }?

Annotations:
D:7 Harold


Innate Abilities, Weirdness & Mutations

You have hooves in place of feet.
Armour fits poorly on your strangely shaped body.
You cover ground very quickly.
You have extremely tough skin. (AC +3)


Message History

Press: ? - help, Shift-Dir - straight line The zap hits the centaur warrior.
The centaur warrior is lightly wounded.
The zap hits the centaur warrior.
The centaur warrior is moderately wounded.
The centaur warrior wields a shortbow.
The centaur warrior shoots an arrow.
The arrow hits you!
The centaur warrior shoots an arrow.
The arrow hits you!!
* * * LOW HITPOINT WARNING * * *
As you read the scroll of fear, it crumbles to dust.
You assume a fearsome visage.
The centaur warrior looks frightened!
Cornered, the centaur warrior turns to fight!
You feel much better.
You see here a +0 shortbow.
Things that are here:
a plate armour; a long sword The centaur warrior shoots an arrow.
The arrow hits you!
* * * LOW HITPOINT WARNING * * *
You see here an arrow.
The centaur warrior shoots an arrow.
The arrow hits you!!
You die...

### #.####### #..[)...#
#.#####.# #....##.####
#########.##..... #....#
#.#######
####.##.####.#######
#.>@.(....c..[......
#.<..##.####.#.#####
##........§..#.[.#..
#....####..)####.#.#
#..### #§....# #.#.#
#..####§§..[.§##.[..
######....#.§§...§§§###.#
#............§...§§... .#
#.............._.§.......
#................§§.....#
#.........#§§§§§§§§§ .#


You could see a centaur warrior.

Vanquished Creatures
  A two-headed ogre (D:6)
  Menkaure (D:7)
  A water moccasin (D:6)
  An orc warrior (D:7)
  2 ice beasts
  2 centaurs (D:7)
  An ogre (D:6)
  A gnoll sergeant (D:3)
  2 bullfrogs
  2 killer bees (D:7)
  5 wights (D:7)
  2 howler monkeys (D:7)
  A crimson imp (D:7)
  A hound (D:4)
  A jelly (D:6)
  4 orc wizards
  A gnoll shaman (D:3)
  An orc priest (D:7)
  An iguana (D:5)
  Ijyb (D:2)
  6 worker ants
  A hound zombie (D:6)
  A worker ant zombie (D:5)
  A howler monkey skeleton (D:6)
  48 gnolls
  9 adders
  A shadow imp (D:7)
  An adder skeleton (D:6)
  An adder zombie (D:6)
  4 worms
  6 leopard geckos
  29 orcs
  2 bat zombies (D:2)
  4 giant cockroaches
  3 hobgoblins
  32 jackals
  9 kobolds
  4 quokkas
  2 ball pythons
  11 bats
  5 frilled lizards
  18 goblins
  A leopard gecko skeleton (D:6)
  A quokka skeleton (D:6)
  6 rats
  A plant (D:5)
239 creatures vanquished.

Notes
Turn   | Place    | Note
-------+----------+-------------------------------------------
     0 | D:1      | toffzen the Centaur Air Elementalist began the quest for
                  | the Orb.
     0 | D:1      | Reached XP level 1. HP: 14/14 MP: 3/3
    51 | D:1      | Reached skill level 1 in Conjurations
   537 | D:1      | Reached XP level 2. HP: 22/22 MP: 0/4
   776 | D:1      | Reached skill level 3 in Air Magic
  2034 | D:2      | Reached XP level 3. HP: 27/27 MP: 0/5
  2201 | D:2      | Reached skill level 1 in Fighting
  2631 | D:2      | Reached XP level 4. HP: 35/35 MP: 0/6
  2925 | D:2      | Noticed Ijyb
  3051 | D:2      | Killed Ijyb
  3370 | D:2      | Learned a level 4 spell: Airstrike
  3513 | D:2      | Found an ancient bone altar of Kikubaaqudgha.
  3580 | D:2      | Found a blossoming altar of Fedhas.
  4555 | D:3      | Reached XP level 5. HP: 32/41 MP: 1/8
  4648 | D:3      | Found a bloodstained altar of Trog.
  5198 | D:3      | Reached skill level 4 in Air Magic
  5431 | D:3      | Reached XP level 6. HP: 48/48 MP: 6/9
  6836 | D:3      | Reached XP level 7. HP: 54/56 MP: 2/10
  7444 | D:3      | Reached skill level 5 in Air Magic
  7554 | D:3      | Noticed a wyvern
  8008 | D:3      | Learned a level 3 spell: Static Discharge
  8395 | D:4      | Found Byly's Armour Shop.
  8785 | D:4      | Got a crude lapis lazuli ring
  8952 | D:4      | Found a radiant altar of Vehumet.
  9141 | D:5      | Entered Level 5 of the Dungeon
  9141 | D:5      | Found a staircase to the Ecumenical Temple.
  9307 | Temple   | Entered the Ecumenical Temple
  9359 | Temple   | Became a worshipper of Sif Muna the Loreminder
  9397 | D:5      | Found Puca's Magic Scroll Boutique.
 10302 | D:5      | Found a basalt altar of Yredelemnul.
 10302 | D:5      | Found a hazy altar of Hepliaklqana.
 10308 | D:5      | Found a stormy altar of Qazlal.
 10393 | D:5      | Found Ithracab's Gadget Shop.
 10427 | D:5      | Identified the ring of Isimuc {MP-9 Str+3 Dex+7 Slay+2}
                  | (You found it on level 4 of the Dungeon)
 10990 | D:5      | Reached XP level 8. HP: 42/63 MP: 7/12
 11622 | D:6      | Reached skill level 5 in Conjurations
 11923 | D:6      | Noticed a two-headed ogre
 12467 | D:6      | Reached * piety under Sif Muna
 12514 | D:6      | Killed a two-headed ogre
 12514 | D:6      | Reached skill level 1 in Shields
 12514 | D:6      | Reached skill level 6 in Air Magic
 12839 | D:6      | Found an iron altar of Okawaru.
 12845 | D:6      | Reached XP level 9. HP: 72/72 MP: 10/14
 12954 | D:6      | Found Jirphoz's Antique Weapon Emporium.
 13163 | D:6      | Reached ** piety under Sif Muna
 13469 | D:7      | Found an ornate altar of the Wu Jian Council.
 13560 | D:7      | Noticed Harold
 13665 | D:7      | Reached skill level 7 in Air Magic
 14159 | D:7      | Reached skill level 1 in Bows
 14481 | D:7      | Found a shadowy altar of Dithmenos.
 14590 | D:7      | Reached skill level 5 in Fighting
 14728 | D:7      | Noticed Menkaure
 14735 | D:7      | Killed Menkaure
 15384 | D:8      | Found a white marble altar of Elyvilon.
 15512 | D:8      | Noticed a centaur warrior
 15746 | D:7      | Shot with an arrow by a centaur warrior

Skill      XL: |  1  2  3  4  5  6  7  8  9 |
---------------+----------------------------+-----
Conjurations   | 1 2 3 4 6 |  6.0
Air Magic      | 3 4 5 6 7 |  7.6
Fighting       | 1 2 3 4 5 |  5.2
Spellcasting   | 2 3 4 |  4.3
Shields        | 1 2 |  2.4
Bows           | 4 |  4.1
Dodging        | |  1.3
Stealth        | |  1.1

Action                   |  1- 3 |  4- 6 |  7- 9 || total
-------------------------+-------+-------+-------++-------
Melee: Unarmed           |     1 |       |       ||     1
       Whip              |    18 |       |       ||    18
       Kick              |     2 |     1 |    16 ||    19
       Spear             |       |    19 |    50 ||    69
       Flail             |       |     2 |       ||     2
       Trident           |       |       |     4 ||     4
 Fire: Shortbow          |       |       |    17 ||    17
Throw: Throwing net      |       |       |     4 ||     4
 Cast: Shock             |    80 |   234 |   392 ||   706
       Static Discharge  |       |       |    15 ||    15
       Airstrike         |       |       |    10 ||    10
Invok: Divine Energy     |       |       |     1 ||     1
Evoke: Wand              |       |       |     3 ||     3
  Use: Scroll            |       |     1 |    18 ||    19
       Potion            |       |       |     4 ||     4
  Eat: Chunk             |     6 |    11 |    21 ||    38
       Ration            |       |     1 |     2 ||     3
Armor: Robe              |    18 |    20 |    34 ||    72
Dodge: Dodged            |    14 |    42 |    61 ||   117
Block: Buckler           |       |       |     6 ||     6
